 Dungeon Crawl Stone Soup version 0.23-a0-642-g3120c2f (webtiles) character file.

71 Azzok the Digger (level 4, 15/32 HPs)
             Began as a Demonspawn Earth Elementalist on Dec 30, 2018.
             Quit the game on level 3 of the Dungeon.
             The game lasted 00:02:35 (2421 turns).

Azzok the Digger (Demonspawn Earth Elementalist)    Turns: 2421, Time: 00:02:36

Health: 15/32      AC:  3    Str:  8    XL:     4   Next: 5%
Magic:  0/8        EV: 12    Int: 17    God:
Gold:   85         SH:  0    Dex: 16    Spells: 4/8 levels left

rFire    . . .     SeeInvis .   (no weapon)
rCold    . . .     Gourm    .   (no shield)
rNeg     . . .     Faith    .   c - +0 robe
rPois    .         Spirit   .   (no helmet)
rElec    .         Reflect  .   m - +0 cloak
rCorr    .         Harm     .   (no gloves)
MR       .....                  (no boots)
Stlth    ++........             (no amulet)
HPRegen  0.10/turn              q - +2 ring of dexterity
MPRegen  0.11/turn              (no ring)

@: mildly poisoned (15 -> 12), very slightly contaminated
A: claws 1, spiny 1
a: no special abilities


You were on level 3 of the Dungeon.
You were not hungry.

You visited 1 branch of the dungeon, and saw 3 of its levels.

You collected 85 gold pieces.

Inventory:

Missiles
 b - 31 stones (quivered)
Armour
 c - a +0 robe (worn)
 m - a +0 cloak (worn)
Jewellery
 n - an uncursed ring of ice
 q - a +2 ring of dexterity (left claw)
Wands
 p - a wand of digging (5)
Scrolls
 a - a scroll of teleportation {unknown}
 k - 3 scrolls of identify {unknown}
Potions
 e - a potion of flight {unknown}
 g - a potion of berserk rage {unknown}
 h - a potion of curing {unknown}
 i - a potion of magic {unknown}
 j - a potion of degeneration {unknown}
 l - 2 potions of brilliance {unknown}
 o - a potion of mutation {unknown}
 r - a potion of heal wounds {unknown}
 s - a potion of haste {unknown}
Comestibles
 d - 3 rations
 f - a chunk of flesh


   Skills:
 + Level 1.4 Fighting
 - Level 1.7 Dodging
 - Level 1.7 Stealth
 + Level 2.9 Spellcasting
   Level 0.8 Transmutations
 + Level 3.5 Earth Magic


You had 4 spell levels left.
You knew the following spells:

 Your Spells              Type           Power        Failure   Level  Hunger
a - Sandblast             Erth           ##....       4%          1    None
b - Stone Arrow           Conj/Erth      #.....       26%         3    ###....

Your spell library contained the following spells:

 Spells                   Type           Power        Failure   Level  Hunger
 Passwall                 Tmut/Erth      #.......     11%         2    ##.....
 Petrify                  Tmut/Erth      #.......     56%         4    ####...
 Lee's Rapid Deconstruct  Erth           ##........   75%         5    ######.


Dungeon Overview and Level Annotations

Branches:
Dungeon (3/15)

Altars:


Innate Abilities, Weirdness & Mutations

You have sharp fingernails.
You are partially covered in sharp spines.


Message History

The adder is moderately wounded.
The adder barely misses you. The adder bites you but does no damage.
You barely miss the adder.
The adder is moderately wounded.
The adder barely misses you.
Some of the chunks of flesh in your inventory have rotted away.
Casting: Stone Arrow (safe; 26% risk of failure)
Confirm with . or Enter, or press ? or * to list all spells.
Aiming: Sandblast (safe; 4% risk of failure)
Press: ? - help, Shift-Dir - straight line, f/p - adder
Aim: an adder (moderately wounded)
The blast of sand hits the adder.
You kill the adder!
You have reached level 4!
You feel agile.
Your demonic ancestry asserts itself...
Sharp spines emerge from parts of your body.
b - 31 stones
* * * LOW MAGIC WARNING * * *
You feel sick.
Are you sure you want to abandon this character and quit the game? (Confirm

▒▒▒▒▒▒ ▒····▒
▒▒▒▒╬▒▒▒▒▒▒▒·▒▒·▒
▒········^·▒·▒▒·▒
▒··········▒·▒▒·▒
▒▒··········▒)▒▒·▒▒
·················>▒
······†@····▒·▒▒··▒
··▒╬▒╬▒▒▒▒▒▒▒·▒▒··▒
▒·▒▒··▒
▒··▒··▒▒▒▒▒▒
▒▒·▒····[···
·▒···▒▒▒▒▒ ·▒···▒
·▒···▒ ▒···▒


There were no monsters in sight!

Vanquished Creatures
  2 adders
  3 worms (D:2)
  2 leopard geckos
  An orc (D:3)
  5 bats
  3 giant cockroaches
  6 goblins
  7 hobgoblins
  3 jackals (D:2)
  2 kobolds (D:1)
  6 rats
40 creatures vanquished.

Notes
Turn   | Place    | Note
-------+----------+-------------------------------------------
     0 | D:1      | Azzok the Demonspawn Earth Elementalist began the quest for
                  | the Orb.
     0 | D:1      | Reached XP level 1. HP: 13/13 MP: 3/3
   324 | D:1      | Reached skill level 3 in Earth Magic
   324 | D:1      | Gained mutation: You have sharp fingernails. [demonic
                  | ancestry]
   324 | D:1      | Reached XP level 2. HP: 19/19 MP: 1/5
  1542 | D:2      | Reached XP level 3. HP: 20/25 MP: 6/6
  1821 | D:2      | Reached skill level 1 in Fighting
  2372 | D:3      | Learned a level 3 spell: Stone Arrow
  2420 | D:3      | Gained mutation: You are partially covered in sharp spines.
                  | [demonic ancestry]
  2420 | D:3      | Reached XP level 4. HP: 16/32 MP: 0/8
  2421 | D:3      | Quit the game

Vault maps used:
D:1:      tarquinn_simple_flora_water_d, minmay_tetromino_l4
D:2:      first_ration
D:3:      dancing_weapons_uskayaw

Skill      XL: |  1  2  3 |
---------------+----------+-----
Earth Magic    | 3 |  3.5
Fighting       | 1 |  1.4
Dodging        | |  1.7
Stealth        | |  1.7
Spellcasting   | |  2.9
Transmutations | |  0.8

Action                   |  1- 3 |  4- 6 || total
-------------------------+-------+-------++-------
Melee: Unarmed           |   129 |       ||   129
 Cast: Sandblast         |    26 |     1 ||    27
       Stone Arrow       |     1 |       ||     1
 Stab: Sleeping          |     6 |       ||     6
  Eat: Chunk             |     5 |       ||     5
Armor: Robe              |    33 |       ||    33
Dodge: Dodged            |    97 |       ||    97

Table legend:
 A = Non-vault XP
 B = Vault XP
 C = Vault XP percentage of total XP
 D = Non-vault monster count
 E = Vault monster count
 F = Vault count percentage of total count
                 A         B        C        D         E       F
            +---------+---------+-------+---------+---------+-------
      Total |      95 |       7 |   6.9 |      37 |       3 |   7.5
            +---------+---------+-------+---------+---------+-------
        D:1 |      17 |       7 |  29.2 |      10 |       3 |  23.1
        D:2 |      62 |       0 |   0.0 |      25 |       0 |   0.0
        D:3 |      16 |       0 |   0.0 |       2 |       0 |   0.0
            +---------+---------+-------+---------+---------+-------
